 Dungeon Sprint DCSS version 0.32-a0-968-g61e5eb5241 (webtiles) character file.

Game seed: 9765477563019325478

625 Revguard the Martial Artist (level 7, -1/40 HPs)
             Began as a Vine Stalker Monk on Apr 18, 2024.
             Was a Priest of Wu Jian.
             Slain by an air elemental (3 damage)
             ... while paralysed by an air elemental
             ... in the Dungeon (Sprint V: "Ziggurat Sprint").
             The game lasted 00:02:05 (194 turns).

Revguard the Martial Artist (Vine Stalker Monk)      Turns: 194, Time: 00:02:07

Health: -1/40      AC: 18    Str: 21    XL:     7   Next: 47%
Magic:  0/8        EV:  2    Int: 10    God:    Wu Jian [***...]
Gold:   0          SH:  0    Dex: 23    Spells: 6/6 levels left

rFire   . .          .
                       - Unarmed
rCold   . . .        (no shield)
rNeg    . . .        z - +5 shadow dragon scales
rPois   .            (no helmet)
rElec   .            (no cloak)
rCorr   .            (no gloves)
SInv    .            (no boots)
Will    .....        (no amulet)
Stlth   +++++        x - +6 ring of strength
HPRegen 1.06/turn    t - +6 ring of dexterity
MPRegen 0.11/turn

%: no teleportation, guardian spirit
@: paralysed, exhausted
A: fangs 2, regeneration 1, magic shield, antimagic bite, no potion heal 2
a: Renounce Religion, Wall Jump, Serpent's Lash


You were in the Dungeon.
You worshipped Wu Jian.
Wu Jian was most pleased with you.
You visited 1 branch

Inventory:

Armour
 a - a +0 robe
 z - +5 shadow dragon scales (worn)
Jewellery
 s - a ring of flight
 t - a +6 ring of dexterity (right hand)
 u - a +6 ring of dexterity
 v - a +6 ring of intelligence
 w - a +6 ring of intelligence
 x - a +6 ring of strength (left hand)
 y - a +6 ring of strength
Wands
 k - a wand of digging (2)
 q - a wand of mindburst (7)
 r - a wand of light (6)
 A - a wand of warping (3)
Scrolls
 h - 3 scrolls of blinking
 m - 4 scrolls of amnesia
 n - 7 scrolls of fog
 o - 5 scrolls of identify
 p - 2 scrolls of fear
Potions
 b - a potion of ambrosia
 c - 2 potions of brilliance
 d - 10 potions of curing
 e - 6 potions of haste
 f - 7 potions of magic
 g - 3 potions of berserk rage
 i - 2 potions of invisibility
 j - 4 potions of resistance
 l - 5 potions of might
Miscellaneous
 B - a phantom mirror
 C - a sack of spiders


   Skills:
 + Level 6.3 Fighting
 + Level 5.0 Armour
 + Level 5.6 Dodging
 + Level 7.7 Stealth
 * Level 9.1 Unarmed Combat
 + Level 5.3 Evocations


You had 6 spell levels left.
You didn't know any spells.
Your spell library contained the following spells:

 Spells                   Type           Power      Damage    Failure   Level
 Hailstorm                Conj/Ice       0%         3d5       100%        3
 Animate Dead             Necr           0%         N/A       100%        4
 Death's Door             Necr           0%         N/A       100%        9


Dungeon Overview and Level Annotations

Branches:
Dungeon (1/1)

Altars:
Ashenzari
Cheibriados
Dithmenos
Elyvilon
Fedhas
Gozag
Hepliaklqana
Kikubaaqudgha
Makhleb
Nemelex Xobeh
Okawaru
Qazlal
Ru
Sif Muna
Trog
Uskayaw
Vehumet
Wu Jian
Xom
Yredelemnul
Zin
The Shining One
Beogh
Jiyva
Lugonu

Annotations:
D 1 transporter


Innate Abilities, Weirdness & Mutations

You have extremely sharp teeth.
Your natural rate of healing is unusually fast.
When hurt, damage is shared between your health and your magic reserves.
Your bite disrupts and absorbs the magic of your enemies.
Potions cannot restore your health.


Message History

You hit the air elemental. You bite the air elemental! You drain its power.
The air elemental is moderately damaged.
You spin and attack the air elemental, with incredible momentum.
You hit the air elemental.
The air elemental is heavily damaged.
Your supernatural speed expires.
You spin and attack the air elemental.
You closely miss the air elemental.
The air elemental is moderately damaged.
You spin and attack the air elemental repeatedly.
You punch the air elemental!
The air elemental is severely damaged.
You punch the air elemental!
You destroy the air elemental!
The Council accepts your kill.
The air elemental fires a burst of electricity at you.
The stunning burst hits you.
You shrug off the repeated paralysis!
The air elemental fires a burst of electricity at you.
The stunning burst hits you.
You shrug off the repeated paralysis!
The air elemental fires a burst of electricity at you.
The stunning burst hits you.
You shrug off the repeated paralysis!
The air elemental misses you.
The air elemental fires a burst of electricity at you.
The stunning burst hits you but does no damage.
You shrug off the repeated paralysis!
Your Armour skill increases to level 5!
Your Unarmed Combat skill increases to level 9!
Your Evocations skill increases to level 5!
You lunge at the air elemental.
You miss the air elemental.
You spin and attack the air elemental.
You hit the air elemental. Your bite misses the air elemental.
The air elemental is moderately damaged.
The air elemental fires a burst of electricity at you.
The stunning burst hits you!!
You suddenly lose the ability to move!
The air elemental barely misses you. The air elemental hits you!
* * * LOW HITPOINT WARNING * * *
The air elemental hits you but does no damage.
The air elemental hits you!
* * * LOW HITPOINT WARNING * * *
The air elemental hits you.
You die...

▓▓▓▓▓▓▓▓▓▓▓▓▓▓▓▓▓▓▓
▓.ß©ß.▓.ß©ß.▓.ß©ß.▓
▓.))).▓.....▓.....▓
▓..EE.▓.....▓.....▓
▓.E@..▓.....▓.....▓
▓..○..▓..)..▓.....▓
▓..°..▓.....▓..©..▓
▓..©..▓..©..▓▓▓▓▓▓▓
▓▓▓▓▓▓▓▓▓▓▓▓▓


You could see 3 air elementals.

Vanquished Creatures
  An air elemental (D)
  2 spriggans (D)
  An ice beast (D)
  A black bear (D)
  An adder simulacrum (D)
6 creatures vanquished.

Notes
Turn   | Place    | Note
-------+----------+-------------------------------------------
     0 | D        | Revguard the Vine Stalker Monk began the quest for the Orb.
     0 | D        | Reached XP level 1. HP: 11/11 MP: 2/2
     6 | D        | Found a shimmering blue altar of Sif Muna.
     6 | D        | Found a bloodstained altar of Trog.
     6 | D        | Found a sacrificial altar of Ru.
     6 | D        | Found a stormy altar of Qazlal.
     6 | D        | Found an iron altar of Okawaru.
     7 | D        | Found a sparkling altar of Nemelex Xobeh.
     7 | D        | Found a blossoming altar of Fedhas.
     7 | D        | Found the +6 Majin-Bo {spellvamp, MP+6 Int+6}
     7 | D        | Found the +27 heavy crossbow "Sniper" {heavy, Acc+∞ SInv}
     7 | D        | Found the +10 dark maul {heavy}
     7 | D        | Found the +15 Maxwell's patent armour {-Cast -Tele rElec
                  | Will+ rCorr}
     7 | D        | Found the +18 shield of the Gong {Loud rN+ Will+ rCorr
                  | EV-5}
     7 | D        | Found the +16 obsidian axe {drain, demonic, Mesm ^Drain Fly
                  | SInv}
     7 | D        | Found the +7 great mace "Firestarter" {flame, immolate,
                  | rFlCloud rF++}
     7 | D        | Found the +6 shillelagh "Devastator" {shatter}
     7 | D        | Found the +11 plutonium sword {^Contam Stlth-}
     7 | D        | Found the +8 lance "Wyrmbane" {slay drac, rPois rF+ rC+
                  | AC+3}
     7 | D        | Found the +9 sword of Zonguldrok {reap}
     7 | D        | Found the +13 scythe of Curses {drain, curses, ^Drain}
     7 | D        | Found the +9 sword of Power {lifebolt}
     7 | D        | Found the +7 mace of Variability {chaos, chaos arc}
     7 | D        | Found the +11 Singing Sword {sonic wave}
     7 | D        | Found the +8 storm bow {elec, penet}
     9 | D        | Found a transporter.
     9 | D        | Found an ancient bone altar of Kikubaaqudgha.
     9 | D        | Found a viscous altar of Jiyva.
     9 | D        | Found a corrupted altar of Lugonu.
     9 | D        | Found a hazy altar of Hepliaklqana.
     9 | D        | Found a burning altar of Makhleb.
     9 | D        | Found an opulent altar of Gozag.
    53 | D        | Became a worshipper of the Wu Jian Council
    53 | D        | Reached * piety under Wu Jian
    53 | D        | Reached ** piety under Wu Jian
    57 | D        | Reached skill level 4 in Unarmed Combat
    57 | D        | Reached XP level 2. HP: 17/17 MP: 3/3
    67 | D        | Entered arena 2.
    67 | D        | Noticed an ice beast
    67 | D        | Found a transporter.
    75 | D        | Killed an ice beast
    76 | D        | Reached skill level 6 in Unarmed Combat
    76 | D        | Reached XP level 3. HP: 16/21 MP: 1/4
    76 | D        | Reached XP level 4. HP: 20/26 MP: 1/5
   116 | D        | Entered arena 3.
   116 | D        | Noticed a black bear
   116 | D        | Noticed a spriggan
   116 | D        | Noticed a spriggan
   116 | D        | Found a transporter.
   124 | D        | Killed a spriggan
   125 | D        | Reached skill level 5 in Fighting
   125 | D        | Reached skill level 7 in Unarmed Combat
   125 | D        | Reached XP level 5. HP: 8/30 MP: 1/6
   125 | D        | Reached XP level 6. HP: 9/35 MP: 1/7
   125 | D        | Killed a spriggan
   125 | D        | Reached *** piety under Wu Jian
   125 | D        | Killed a black bear
   126 | D        | Reached skill level 5 in Dodging
   126 | D        | Reached skill level 8 in Unarmed Combat
   126 | D        | Reached XP level 7. HP: 12/40 MP: 1/8
   136 | D        | Got the Catalogue of Snow-white Iniquitous Arts
   191 | D        | Entered arena 4.
   191 | D        | Noticed an air elemental
   191 | D        | Noticed an air elemental
   191 | D        | Noticed an air elemental
   191 | D        | Noticed an air elemental
   191 | D        | Found a transporter.
   192 | D        | Paralysed by an air elemental for 1 turns
   193 | D        | Killed an air elemental
   194 | D        | Reached skill level 5 in Armour
   194 | D        | Reached skill level 9 in Unarmed Combat
   194 | D        | Reached skill level 5 in Evocations
   194 | D        | Paralysed by an air elemental for 1 turns
   194 | D        | HP: 2/40 [air elemental (7)]
   194 | D        | Slain by an air elemental

Illustrated notes

Levels and vault maps discovered:
D:        sprint_v [room_start, room_1, room_2, room_3, room_4, room_5, room_6,
          room_7, room_8, room_9, room_10, room_11, room_12, room_13, room_14,
          room_15, room_16, room_17, room_18, room_19, room_20, room_21,
          room_22, room_23, room_24, room_25, room_26, room_27]

Skill      XL: |  1  2  3  4  5  6  7 |
---------------+----------------------+-----
Fighting       | 3 4 5 6 |  6.3
Armour         | 2 3 4 5 |  5.0
Dodging        | 3 4 5 |  5.6
Stealth        | 3 4 6 7 |  7.7
Unarmed Combat | 4 6 7 8 9 |  9.1
Evocations     | 2 3 4 5 |  5.3

Action                     |  1- 3 |  4- 6 |  7- 9 || total
---------------------------+-------+-------+-------++-------
  Melee: Unarmed           |    12 |     4 |     9 ||    25
         Bite              |     2 |       |     1 ||     3
         Punch             |     1 |       |       ||     1
 Invoke: Serpent's Lash    |       |       |     1 ||     1
Ability: Whirlwind         |     8 |     3 |     5 ||    16
         Lunge             |     1 |     1 |     2 ||     4
  Evoke: Wand              |       |     2 |       ||     2
    Use: Potion            |     1 |       |       ||     1
         Scroll            |       |     1 |       ||     1
   Stab: Sleeping          |     1 |     1 |       ||     2
 Armour: Shadow dragon sca |     6 |     3 |    10 ||    19
  Dodge: Dodged            |     2 |     1 |     2 ||     5

Table legend: (Time is in decaauts)
 A = Elapsed time spent in this place.
 B = Non-inter-level travel time spent in this place.
 C = Inter-level travel time spent in this place.
 D = Time resting spent in this place.
 E = Time spent auto-exploring this place.
 F = Levels seen in this place.
 G = Mean time per level.
                   A        B        C        D        E       F      G
               +--------+--------+--------+--------+--------+-----+--------+
         Total |    193 |    193 |      0 |     76 |      0 |   1 |  193.0 |
       Dungeon |    193 |    193 |      0 |     76 |      0 |   1 |  193.0 |
               +--------+--------+--------+--------+--------+-----+--------+

Top non-repeatable levels by time:
       D: 193 daAuts
